 Dungeon Crawl Stone Soup version 0.20.1-1-g8b1a95d (webtiles) character file.

41 digijack the Magician (level 3, -7/16 HPs)
             Began as a Spriggan Wanderer on Nov 7, 2017.
             Splashed by a jelly's acid (9 damage)
             ... on level 1 of the Dungeon.
             The game lasted 00:06:25 (301 turns).

digijack the Magician (Spriggan Wanderer)            Turns: 301, Time: 00:06:27

Health: -7/16      AC: -2    Str:  8    XL:     3   Next: 32%
Magic:  6/11       EV: 16    Int: 16    God:
Gold:   31         SH:  0    Dex: 13    Spells: 12/13 levels left

rFire    . . .     SeeInvis +   g - +2 short sword (drain)
rCold    . . .     Gourm    .   (shield restricted)
rNeg     . . .     Faith    .   d - +0 robe
rPois    .         Spirit   .   (helmet restricted)
rElec    .         Reflect  .   (no cloak)
rCorr    .         Harm     .   (gloves unavailable)
MR       .....                  (boots unavailable)
Stlth    ++........             (no amulet)
Regen    0.1/turn               (no ring)
MPRegen  0.2/turn               (no ring)

@: corroded, very quick
A: unfitting armour, see invisible, herbivore 3, speed 3, slow metabolism 2
a: no special abilities


You were on level 1 of the Dungeon.
You were not hungry.

You visited 1 branch of the dungeon, and saw 1 of its levels.

You collected 31 gold pieces.

Inventory:

Hand Weapons
 g - a +2 short sword of draining (weapon)
Armour
 d - a +0 robe (worn)
Potions
 c - a potion of curing
Books
 a - a book of Necromancy

   Spells                             Type                      Level
   a - Pain                           Necromancy                   1
   b - Animate Skeleton               Necromancy                   1
   c - Vampiric Draining              Necromancy                   3
   d - Regeneration                   Charms/Necromancy            3
   e - Animate Dead                   Necromancy                   4
   f - Control Undead                 Necromancy                   4
 b - the Catalogue of Intoxication

   Spells                             Type                      Level
   a - Sting                          Conjuration/Poison           1
   b - Ignite Poison                  Fire/Transmutation/Poison    3
Comestibles
 f - a bread ration
 h - 3 fruits


   Skills:
 + Level 1.0 Short Blades
 + Level 1.7 Dodging
 + Level 3.7 Stealth
 + Level 5.5 Spellcasting
 + Level 0.5 Conjurations
   Level 1.7 Necromancy
   Level 2.6 Transmutations
 + Level 0.8 Poison Magic


You had 12 spell levels left.
You knew the following spells:

 Your Spells              Type           Power        Failure   Level  Hunger
a - Sting                 Conj/Pois      #...         11%         1    None


Dungeon Overview and Level Annotations

Branches:
Dungeon (1/15)

Altars:


Innate Abilities, Weirdness & Mutations

You are very small and have problems with some larger weapons.
You are too small for most types of armour.
You have supernaturally acute eyesight. (SInv)
You are a herbivore.
You cover ground extremely quickly.
You need consume almost no food.


Message History

You kill the ooze!
You barely miss the rat. The rat barely misses you.
You hit the rat.
You kill the rat!
You hit the rat.
You kill the rat!
You hit the ooze.
The ooze is heavily wounded.
The ooze hits you.
* * * LOW HITPOINT WARNING * * *
You hit the ooze. You drain the ooze!
The ooze is almost dead.
The ooze closely misses you.
You hit the ooze.
You kill the ooze!
The jelly hits you.
* * * LOW HITPOINT WARNING * * *
The acid corrodes you!
You are splashed with acid!
The acid burns!
Ouch! That really hurt!
You die...

# #.#.# ...............
#.#.#.##########...#..#
#.#.#.....)............
#......###+#######%###.
###....#..⌠...>...⌠..#.
#....#......<......#
#.##rw⌠.r..###....⌠+
#.##J#...J.rJ......#
#.##@#######r#######
#.##.# rJ.rJ.....#
#..#.# ...wJr......#
##.#.#......J......#
#.#.###############
#.#.. #.### #.# #.#


You could see a worm, a jelly and a rat.

Vanquished Creatures
  6 oozes (D:1)
  A leopard gecko (D:1)
  2 bats (D:1)
  A giant cockroach (D:1)
  A hobgoblin (D:1)
  A kobold (D:1)
  5 rats (D:1)
17 creatures vanquished.

Notes
Turn   | Place    | Note
-------+----------+-------------------------------------------
     0 | D:1      | digijack the Spriggan Wanderer began the quest for the Orb.
     0 | D:1      | digijack set off with: a book of Necromancy, the Catalogue of Intoxication, a potion of curing, a +0 robe, a +0 dagger, a bread ration
     0 | D:1      | Reached XP level 1. HP: 9/9 MP: 7/7
     0 | D:1      | Noticed a jelly
     2 | D:1      | Learned a level 1 spell: Sting
     3 | D:1      | Found a runed door.
   257 | D:1      | Reached skill level 1 in Dodging
   257 | D:1      | Reached XP level 2. HP: 9/13 MP: 3/9
   294 | D:1      | Reached skill level 1 in Short Blades
   294 | D:1      | Reached XP level 3. HP: 4/16 MP: 5/10
   301 | D:1      | Splashed by a jelly's acid

Skill      XL: |  1  2 |
---------------+-------+-----
Dodging        | 1 |  1.7
Short Blades   | 1 |  1.0
Stealth        | |  3.7
Spellcasting   | |  5.5
Conjurations   | |  0.5
Necromancy     | |  1.7
Transmutations | |  2.6
Poison Magic   | |  0.8

Action                   || total
-------------------------++-------
Melee: Short sword       ||    39
       Dagger            ||     5
 Cast: Sting             ||    14
  Use: Potion            ||     2
       Scroll            ||     1
Armor: Robe              ||     3
Dodge: Dodged            ||    25
